Map: Rifts to Korhal

Players

suha

  • Race: Terran Terran

NamroodTuo

  • Race: Terran Terran
  • Spawn Location: 7:00

VOD

Have the link to the VOD?

Description

Time

  • Played on: Jan. 11, 2023, 3:28 p.m.
  • Length: 24:37
Show
View Real Time Build Order
Export as new Build Order

suha Terran 

Build Orders:  

Get SALT Encoding   

  12  0:04  SCV  
  13  0:20  SCV  
  14  0:37  SCV  
  15  0:44  Engineering Bay  
  15  0:54  SCV  
  16  1:11  SCV  
  17  1:21  Refinery  
  17  1:22  Engineering Bay  
  17  1:28  SCV  
  18  1:45  SCV  
  19  1:54  Fixers Safehouse  
  19  2:02  SCV  
  19  2:06  Refinery  
  20  2:19  SCV  
  21  2:20  Muscle Armory  
  21  2:36  SCV  
  22  2:43  Gunslingers Hideout  
  22  2:53  SCV  
  23  3:01  Tychus  
  23  3:10  SCV  
  24  3:27  SCV  
  25  3:44  SCV  
  26  4:01  SCV  
  26  4:04  Command Center  
  27  4:18  SCV  
  28  4:20  Medivac Platform  
  28  4:39  SCV  
  29  4:55  Outlaw Weapons Level 1  
  29  4:56  SCV  
  29  4:57  Outlaw Life and Armor Level 1  
  30  5:13  SCV  
  31  5:30  SCV  
  32  5:47  SCV, Refinery  
  33  6:15  SCV  
  34  6:20  SCV  
  35  6:30  Refinery  
  35  6:32  SCV  
  35  6:37  SCV  
  37  6:49  SCV  
  38  6:54  SCV, Medivac Platform  
  38  6:55  ITC-E Triggers  
  38  6:57  Flashforce GDM Visor  
  39  7:02  Lt Layna Nikara  
  39  7:06  SCV  
  50  7:11  SCV  
  51  7:23  SCV  
  51  7:28  SCV  
  53  8:04  SCV  
  54  8:21  SCV  
  54  8:28  KD9a Implosion Core  
  54  8:29  Vanadium Shell  
  55  8:38  SCV  
  56  8:55  SCV  
  57  9:12  SCV  
  57  9:16  Outlaw Weapons Level 2  
  57  9:19  Outlaw Life and Armor Level 2  
  58  10:13  Crooked Sam  
  68  11:20  Kel-Morian Ripper Rounds  
  68  11:54  Procyon Shade Suit  
  68  11:57  Outlaw Life and Armor Level 3  
  68  11:58  Outlaw Weapons Level 3  
  68  12:01  Moebius Restraint Matrix  
  68  12:38  LarsCorp G7 Charges  
  68  13:28  Enhanced Hostilities Kit  
  68  14:27  SureShot Networked Helmet, Medivac Platform  
  68  15:04  Procyon Twin Heal Beam Gauntlet  
  68  16:03  Nux  
  78  17:20  T4 Cloudburst Shells, Ultrasonic Boosters  
  78  17:23  Endurance Supplements  
  78  19:17  Crystalline Amplifiers  
  78  19:18  N3 Networking  
  78  19:19  Procyon Serum  
  78  22:02  Kev Rattlesnake West  
  88  24:13  Umojan Signal Modulator  
Show
View Real Time Build Order
Export as new Build Order

NamroodTuo Terran 

Build Orders:  

Get SALT Encoding   

  12  0:05  SCV  
  13  0:22  SCV  
  13  0:27  Supply Depot  
  14  0:40  SCV  
  15  0:52  Barracks  
  15  0:57  SCV  
  16  1:14  SCV  
  17  1:31  SCV  
  18  1:42  Engineering Bay  
  18  1:45  Marine  
  18  1:48  SCV  
  20  1:55  Marine  
  20  1:57  Supply Depot  
  21  2:05  SCV, Marine  
  23  2:15  Marine  
  24  2:22  SCV  
  24  2:25  Marine  
  24  2:26  Supply Depot  
  26  2:36  Marine  
  27  2:44  Bunker  
  27  2:46  Marine  
  28  2:56  Marine  
  23  3:06  Marine  
  23  3:27  SCV  
  24  3:33  Refinery  
  24  3:37  Refinery  
  24  3:44  SCV  
  24  3:48  Bunker  
  25  4:01  SCV  
  25  4:09  Supply Depot  
  26  4:18  SCV  
  27  4:24  Barracks  
  27  4:34  Structure Armor  
  27  4:35  SCV  
  28  4:52  SCV  
  29  5:00  Bunker  
  29  5:04  Missile Turret  
  29  5:09  SCV  
  30  5:26  SCV  
  31  5:43  SCV  
  31  5:44  Barracks Tech Lab  
  31  5:48  Barracks Tech Lab  
  32  6:01  Unknown  
  32  6:06  SCV  
  32  6:09  Barracks  
  33  6:23  SCV  
  34  6:33  Bunker  
  34  6:40  SCV  
  34  6:47  Barracks Reactor  
  35  6:54  Stabilizer Medpacks  
  35  6:57  Terran Infantry Weapons Level 1  
  35  7:02  Marine, Medic  
  38  7:12  Marine  
  38  7:13  Medic  
  41  7:22  Marine  
  41  7:23  Marine  
  43  7:33  Marine, Medic  
  43  7:37  Missile Turret  
  46  7:43  Marine  
  46  7:46  Bunker  
  47  7:55  Supply Depot  
  47  7:56  Medic  
  47  7:57  Supply Depot  
  47  7:59  Supply Depot  
  49  8:06  Marine, Medic  
  49  8:07  Marine, Medic  
  53  8:16  Marine  
  53  8:17  Marine x2, Medic  
  49  8:27  Marine x2  
  43  8:41  Marine  
  43  8:42  Marine x2, Medic  
  48  8:52  Marine x2, Medic  
  48  8:59  Missile Turret  
  52  9:08  Marine  
  52  9:09  Marine x3  
  56  9:45  Marine  
  56  9:46  Medic  
  56  9:47  Medic  
  56  9:48  Marine  
  59  9:56  Marine, Medic  
  59  9:58  Marine  
  65  10:05  Terran Infantry Armor Level 1  
  65  10:06  Medic  
  68  10:22  Factory  
  68  10:29  Supply Depot  
  68  10:54  Marine x2, Medic x2  
  74  11:04  Marine x2  
  76  11:55  Neosteel Frame  
  76  12:16  Armory  
  76  12:21  Command Center  
  76  12:25  Marine x2  
  76  12:26  Marine  
  79  12:35  Marine, Medic, Supply Depot  
  79  12:38  Supply Depot  
  79  12:39  Supply Depot  
  82  15:06  Terran Infantry Weapons Level 2  
  71  16:18  Marine, Medic  
  71  16:19  Marine, Medic  
  46  16:28  Marine  
  46  16:29  Marine x2, Medic  
  51  16:38  Marine  
  51  16:39  Marine, Medic x2  
  56  16:49  Marine x3, Medic  
  62  16:59  Medic  
  67  17:00  Medic  
  67  17:08  Supply Depot  
  67  17:09  Supply Depot  
  71  17:11  Supply Depot  
  71  17:13  Supply Depot  
  71  17:15  Supply Depot  
  71  17:18  Concussive Shells  
  71  17:21  Incinerator Gauntlets  
  71  18:16  Marine x4, Terran Infantry Armor Level 2  
  75  18:21  Juggernaut Plating  
  75  18:26  Marine  
  75  18:27  Marine x3  
  79  18:36  Marine  
  79  18:37  Marine x3  
  80  18:46  Marine  
  80  18:47  Marine x3  
  84  18:57  Marine x2  
  87  19:00  Marine x2  
  87  19:07  Marine, Medic  
  91  19:10  Marine x2  
  91  19:18  Medic x2  
  96  19:20  Marine x2  
  96  19:28  Marine x2  
  102  19:30  Marine x2  
  102  19:38  Medic x2  
  106  19:40  Marine  
  106  19:41  Marine  
  106  19:48  Marine, Medic  
  112  19:50  SCV  
  112  19:51  Marine x2  
  112  19:57  Refinery  
  112  19:58  Medic x2  
  118  20:06  Refinery  
  118  20:07  SCV  
  123  20:24  SCV  
  124  20:41  SCV  
  125  20:54  Marine, Medic  
  125  20:55  Marine x2  
  125  20:58  SCV  
  131  21:04  Marine, Medic  
  131  21:05  Marine, Medic  
  137  21:14  Marine  
  137  21:15  Marine x2, Medic, SCV  
  139  21:25  Marine x3, Medic  
  137  21:35  Marine  
  121  22:00  Marine, Medic  
  121  22:01  Marine, Medic  
  124  22:10  Marine  
  124  22:11  Marine x2, Medic  
  127  22:20  Marine  
  127  22:21  Marine x3  
  118  22:30  Marine  
  92  22:59  Marine  
  81  23:00  Marine, Medic x2  
  80  23:10  Marine x2, Medic x2  
  80  23:20  Marine x3  
  80  23:21  Marine  
  81  23:30  Marine x2  
Tags
 
Commander
RaynorTychus
Matchup
Co-op
Replay Pack
Multiplayer
Add a new tag
Caveats
  • Supply blocks, unpowered buildings, or Contaminate may cause inaccurate times.
  • Supply counts are checked every 10 seconds.